 Dungeon Crawl Stone Soup version 0.31-a0-1616-gbeaec30b81 (webtiles) character file.

Game seed: 13166147959629665804

823059 Ivernyr the Formicid Barricade (level 27, -16/249 HPs)
             Began as a Formicid Fighter on Dec 30, 2023.
             Was the Champion of Wu Jian.
             Killed from afar by a shard shrike (30 damage)
             ... with a shard of ice
             ... on level 7 of Cocytus on Jan 10, 2024.
             The game lasted 05:08:23 (80424 turns).

Ivernyr the Formicid Barricade (Formicid Fighter)  Turns: 80424, Time: 05:08:24

Health: -16/249    AC: 45    Str: 30    XL:     27
Magic:  43/43      EV: 18    Int:  4    God:    Wu Jian [******]
Gold:   7450       SH: 37    Dex: 19    Spells: 26/26 levels left

rFire   + + .        K - +9 great mace (holy)
rCold   + + +        c - +6 tower shield of Living Happiness {rN+ Dex+6}
rNeg    + + +        X - +10 gold dragon scales
rPois   +            (helmet unavailable)
rElec   .            p - +2 cloak of Sipuneink {Will+}
rCorr   .            g - +0 pair of gloves of the Slorg {Rampage rC- rN+++ Slay+5}
SInv    +            x - +0 pair of boots of Shadows and Fog {rF+ rC+ rN+++ Int-5}
Will    +++..        z - amulet of reflection Stlth
                     N - ring of Leinuan {Fly rPois rC+ MP+9}
HPRegen 0.61/turn    i - ring of Beusavawnul {*Slow rPois rC+ MP+9 Slay+5}
MPRegen 0.28/turn

%: slow self (1%), reflection, rampage
@: exhausted, flying, unable to drink
A: permanent stasis, dig shafts and tunnels, antennae 3, four strong arms,
hooves 1, high MP 1, weak 2, inability to read after injury 1, MP-powered wands
}: 7/15 runes: barnacled, slimy, silver, obsidian, bone, abyssal, gossamer
a: Dig, Shaft Self, Renounce Religion, Wall Jump, Serpent's Lash, Heavenly Storm


You were on level 7 of Cocytus.
You worshipped Wu Jian.
Wu Jian was exalted by your worship.
You visited 16 branches of the dungeon, and saw 72 of its levels.
You visited the Abyss 4 times.
You also visited: Trove and Wizlab.

You collected 13908 gold pieces.
You spent 6458 gold pieces at shops.

Inventory:

Hand Weapons
 a - the +11 lajatang "Kuqohuso" {spect, Stlth+}
   (You found it in a treasure trove)

   Stlth+:    It makes you more stealthy.
 K - a +9 great mace of holy wrath (weapon)
 W - a +9 vampiric bardiche
Armour
 c - the +6 tower shield of Living Happiness (worn) {rN+ Dex+6}
   (You found it in a treasure trove)

   Dex+6:     It affects your dexterity (+6).
   rN+:       It protects you from negative energy.
 g - the +0 pair of gloves of the Slorg (worn) {Rampage rC- rN+++ Slay+5}
   (You acquired it on level 5 of the Vaults)

   Slay+5:    It affects your accuracy & damage with ranged weapons and melee
   (+5).
   rC-:       It makes you vulnerable to cold.
   rN+++:     It renders you almost immune to negative energy.
   Rampage:   It bestows one free step when moving towards enemies.
 l - the +2 pair of gloves of the First Snow {+Inv rElec Str-3}
   (You found it in a treasure trove)

   Str-3:     It affects your strength (-3).
   rElec:     It insulates you from electricity.
   +Inv:      It lets you turn invisible.
 p - the +2 cloak of Sipuneink (worn) {Will+}
   (You found it in a wizard's laboratory)

   Will+:     It increases your willpower.
 x - the +0 pair of boots of Shadows and Fog (worn) {rF+ rC+ rN+++ Int-5}
   (You found it on level 3 of the Spider Nest)

   Int-5:     It affects your intelligence (-5).
   rF+:       It protects you from fire.
   rC+:       It protects you from cold.
   rN+++:     It renders you almost immune to negative energy.
 B - the +6 plate armour of the Evening {Will+ Str+4}
   (You found it on level 7 of Gehenna)

   Str+4:     It affects your strength (+4).
   Will+:     It increases your willpower.
 X - +10 gold dragon scales (worn)
Jewellery
 i - the ring of Beusavawnul (right hand) {*Slow rPois rC+ MP+9 Slay+5}
   (You found it on level 7 of Gehenna)

   [ring of magical power]

   Slay+5:    It affects your accuracy & damage with ranged weapons and melee
   (+5).
   rC+:       It protects you from cold.
   rPois:     It protects you from poison MP+9: It affects your magic capacity
   (+9).
   *Slow:     It may slow you when you take damage.
 y - the ring of Xoujiedgh {rCorr Str+3}
   (You found it on level 4 of the Depths)

   [ring of resist corrosion]

   Str+3:     It affects your strength (+3).
   rCorr:     It protects you from acid and corrosion.
 z - an amulet of reflection (around neck)
 N - the ring of Leinuan (left hand) {Fly rPois rC+ MP+9}
   (You found it in a treasure trove)

   [ring of flight]

   rC+:       It protects you from cold.
   rPois:     It protects you from poison MP+9: It affects your magic capacity
   (+9).
   Fly:       It grants you flight.
 O - the ring "Fuwoeq" {Fly rF+ Slay+3}
   (You found it in a treasure trove)

   [ring of protection from fire]

   Slay+3:    It affects your accuracy & damage with ranged weapons and melee
   (+3).
   rF+:       It protects you from fire.
   Fly:       It grants you flight.
 P - the ring "Yfuomyx" {rC+ rCorr}
   (You found it in a treasure trove)

   [ring of protection from cold]

   rC+:       It protects you from cold.
   rCorr:     It protects you from acid and corrosion.
Wands
 b - a wand of charming (45)
 v - a wand of polymorph (18)
 C - a wand of digging (15)
 J - a wand of flame (92)
 R - a wand of quicksilver (19)
 T - a wand of mindburst (16)
 V - a wand of roots (34)
Scrolls
 f - 11 scrolls of fear
 k - a scroll of poison
 s - 6 scrolls of revelation
 u - 5 scrolls of fog
 D - 7 scrolls of silence
 L - 5 scrolls of butterflies
 S - 2 scrolls of brand weapon
 U - 6 scrolls of amnesia
Potions
 d - 6 potions of resistance
 e - 8 potions of magic
 h - 11 potions of attraction
 j - 14 potions of heal wounds
 m - 18 potions of ambrosia
 o - 23 potions of curing
 q - 9 potions of cancellation
 r - 9 potions of brilliance
 t - 3 potions of mutation
 F - 11 potions of enlightenment
 H - a potion of lignification
 M - 4 potions of invisibility
Miscellaneous
 n - the horn of Geryon
 A - a tin of tremorstones (2/2)
 Q - a phantom mirror


   Skills:
 O Level 27 Fighting
 + Level 18.9(21.1) Maces & Flails
 - Level 22.6(24.3) Polearms
 - Level 15.8(23.8) Staves
 + Level 26.7 Armour
 + Level 18.9 Dodging
 O Level 27 Shields
 + Level 18.1 Evocations


You had 26 spell levels left.
You didn't know any spells.
Your spell library contained the following spells:

 Spells                   Type           Power      Damage    Failure   Level
 Apportation              Tloc           0%         N/A       97%         1
 Foxfire                  Conj/Fire      0%         2x1d4     97%         1
 Kiss of Death            Conj/Necr      0%         2d5       97%         1
 Magic Dart               Conj           0%         1d3       97%         1
 Necrotise                Necr           0%         1d4       97%         1
 Slow                     Hex            0%         N/A       97%         1
 Sting                    Conj/Alch      0%         1d3       97%         1
 Summon Small Mammal      Summ           0%         N/A       97%         1
 Call Imp                 Summ           0%         N/A       99%         2
 Ensorcelled Hibernation  Hex/Ice        0%         N/A       99%         2
 Jinxbite                 Hex            0%         N/A       99%         2
 Lesser Beckoning         Tloc           0%         N/A       99%         2
 Mercury Vapours          Alch/Air       0%         N/A       99%         2
 Scorch                   Fire           0%         2d5       99%         2
 Call Canine Familiar     Summ           0%         N/A       100%        3
 Confusing Touch          Hex            0%         N/A       100%        3
 Dazzling Flash           Conj/Hex       0%         N/A       100%        3
 Frozen Ramparts          Ice            0%         1d1       100%        3
 Fugue of the Fallen      Necr           0%         N/A       100%        3
 Gell's Gravitas          Tloc           0%         N/A       100%        3
 Hailstorm                Conj/Ice       0%         3d5       100%        3
 Inner Flame              Hex/Fire       0%         N/A       100%        3
 Mephitic Cloud           Conj/Alch/Air  0%         N/A       100%        3
 Passwall                 Erth           0%         N/A       100%        3
 Stone Arrow              Conj/Erth      0%         3d7       100%        3
 Summon Ice Beast         Ice/Summ       0%         N/A       100%        3
 Teleport Other           Tloc           0%         N/A       100%        3
 Tukima's Dance           Hex            0%         N/A       100%        3
 Volatile Blastmotes      Fire/Tloc      0%         2d10      100%        3
 Anguish                  Hex/Necr       0%         N/A       100%        4
 Dimensional Bullseye     Hex/Tloc       0%         N/A       100%        4
 Dispel Undead            Necr           0%         3d6       100%        4
 Flame Wave               Conj/Fire      0%         2d4       100%        4
 Fulminant Prism          Conj/Alch      0%         3d5       100%        4
 Ignite Poison            Fire/Alch      0%         N/A       100%        4
 Iskenderun's Mystic Bla  Conj/Tloc      0%         2d3       100%        4
 Leda's Liquefaction      Alch/Erth      0%         N/A       100%        4
 Manifold Assault         Tloc           0%         N/A       100%        4
 Olgreb's Toxic Radiance  Alch           0%         N/A       100%        4
 Passage of Golubria      Tloc           0%         N/A       100%        4
 Petrify                  Alch/Erth      0%         N/A       100%        4
 Sticky Flame             Fire/Alch      0%         2d4       100%        4
 Summon Blazeheart Golem  Fire/Summ      0%         N/A       100%        4
 Arcjolt                  Conj/Air       0%         1d10      100%        5
 Curse of Agony           Necr           0%         N/A       100%        5
 Iskenderun's Battlesphe  Conj           0%         2d6       100%        5
 Lee's Rapid Deconstruct  Erth           0%         3d4*      100%        5
 Metabolic Englaciation   Hex/Ice        0%         N/A       100%        5
 Silence                  Hex/Air        0%         N/A       100%        5
 Summon Forest            Summ/Tloc      0%         N/A       100%        5
 Summon Mana Viper        Hex/Summ       0%         N/A       100%        5
 Yara's Violent Unravell  Hex/Alch       0%         3d3       100%        5
 Bombard                  Conj/Erth      0%         9d1       100%        6
 Conjure Ball Lightning   Conj/Air       0%         3x3d6     100%        6
 Dispersal                Tloc           0%         N/A       100%        6
 Plasma Beam              Fire/Air       0%         2x1d10    100%        6
 Sculpt Simulacrum        Ice/Alch       0%         N/A       100%        6
 Starburst                Conj/Fire      0%         6d3       100%        6
 Summon Cactus Giant      Summ           0%         N/A       100%        6
 Enfeeble                 Hex            0%         N/A       100%        7
 Haunt                    Necr/Summ      0%         N/A       100%        7
 Malign Gateway           Summ/Tloc      0%         N/A       100%        7
 Monstrous Menagerie      Summ           0%         N/A       100%        7
 Spellforged Servitor     Conj/Summ      0%         N/A       100%        7
 Borgnjor's Revivificati  Necr           0%         N/A       100%        8
 Discord                  Hex            0%         N/A       100%        8
 Disjunction              Tloc           0%         N/A       100%        8
 Ignition                 Fire           0%         3d3       100%        8
 Lehudib's Crystal Spear  Conj/Erth      0%         10d2      100%        8
 Maxwell's Capacitive Co  Air            0%         ∞         100%        8
 Summon Horrible Things   Summ           0%         N/A       100%        8
 Chain Lightning          Conj/Air       0%         N/A       100%        9
 Death's Door             Necr           0%         N/A       100%        9
 Fire Storm               Conj/Fire      0%         5d1       100%        9
 Shatter                  Erth           0%         3d5*      100%        9
 Blink                    Tloc           Unusable   N/A       N/A         2
 Swiftness                Air            Unusable   N/A       N/A         3
 Vhi's Electric Charge    Tloc/Air       Unusable   N/A       N/A         4

Dungeon Overview and Level Annotations

Branches:
Dungeon (15/15)            Temple (1/1) D:6            Lair (5/5) D:10
 Shoals (4/4) Lair:3       Spider (4/4) Lair:3        Slime (5/5) Lair:4
    Orc (2/2) D:10            Elf (3/3) Orc:2        Vaults (5/5) D:13
  Crypt (3/3) Vaults:3       Tomb (0/3) Crypt:3      Depths (4/4) D:15
   Hell (visited)             Dis (0/7) Hell            Geh (7/7) Hell
    Coc (7/7) Hell            Tar (7/7) Hell            Zot (3/5) Depths:4
 WizLab (visited)

Altars:
Ashenzari
Cheibriados
Dithmenos
Elyvilon
Fedhas
Gozag
Hepliaklqana
Kikubaaqudgha
Makhleb
Nemelex Xobeh
Okawaru
Qazlal
Ru
Sif Muna
Trog
Uskayaw
Vehumet
Wu Jian
Xom
Yredelemnul
Zin
The Shining One
Jiyva

Shops:
D:1 !   D:2 (   D:6 (   D:8 *==[!   Orc:1 *!(   Orc:2 *=*[   Elf:1 [   Elf:2 (
Elf:3 ((*   Shoals:2 ?   Shoals:4 *   Vaults:2 *:(   Vaults:4 ?
Vaults:5 ([?([!!??(   Depths:1 *   Depths:3 ::=

Portals:
Hell: Depths:1 Depths:2 Depths:3 Depths:4
Abyss: Depths:3
Pandemonium: Orc:2 Depths:1 Depths:2
Ziggurat: Depths:2

Annotations:
D:15 3 runed translucent doors, niknal's ghost, journeyman TeWr
Lair:4 2 transporters, James's ghost, journeyman SpFi
Lair:5 3 runed translucent doors, SliceSliceBaby's ghost, journeyman GrEE
Shoals:3 2 transporters, Yhis Fol's ghost, adept MiFi
Crypt:2 1 transporter, exclusion: obsidian statue, Fytwut's ghost, legendary GrBe
Coc:7 exclusion: ice statue
Zot:1 1 transporter


Innate Abilities, Weirdness & Mutations

You cannot be hasted, slowed, berserked, paralysed or teleported.
You can dig through walls and to a lower floor.
You have a pair of large antennae on your head. (SInv)
Your four strong arms can wield two-handed weapons with a shield.
You have large cloven feet.
You have an increased reservoir of magic. (+10% MP)
You are very weak. (Str -4)
You occasionally lose the ability to read scrolls when taking damage.
You expend magic power (3 MP) to strengthen your wands.


Message History

The shard shrike simulacrum misses you.
Unknown command.
You block the shard shrike simulacrum's attack.
You block the shard shrike's attack.
You block the shard shrike simulacrum's attack.
Unknown command.
The shard shrike attacks as it pursues you!
You block the shard shrike's attack.
The shard shrike simulacrum attacks as it pursues you!
You block the shard shrike simulacrum's attack.
The shard shrike spits a shard of ice at you.
The shard of ice hits you! You partially resist.
* * * LOW HITPOINT WARNING * * *
You block the shard shrike simulacrum's attack. x2
Unknown command.
The shard shrike attacks as it pursues you!
You block the shard shrike's attack.
The shard shrike spits a shard of ice at you.
You block the shard of ice... and reflect it back!
The shard of ice hits the shard shrike!!
The shard shrike partially resists.
The shard shrike simulacrum closely misses you.
You block the shard shrike's attack. The shard shrike barely misses you.
Unknown command.
The shard shrike simulacrum attacks as it pursues you!
The shard shrike simulacrum claws you.
* * * LOW HITPOINT WARNING * * *
The shard shrike simulacrum freezes you!
You resist.
* * * LOW HITPOINT WARNING * * *
The shard shrike simulacrum claws you but does no damage.
You block the shard shrike's attack.
You block the shard shrike simulacrum's attack.
There is a gateway leading out of Cocytus here.
Unknown command.
The shard shrike simulacrum claws you but does no damage. x2
You block the shard shrike simulacrum's attack.
The shard shrike spits a shard of ice at you.
The shard of ice hits you!! You partially resist.
You die...

##################
####≈≈≈≈≈≈≈≈≈≈≈≈≈≈
####≈≈....≈≈≈≈≈≈≈≈
####≈......≈≈≈≈....
####≈..@....~~~.....
####≈..Zb....≈≈≈....
#####≈≈.bCY~..≈≈≈≈≈≈.
#####≈≈.W~†~...≈≈≈≈≈≈
#####≈≈≈.~~~†...≈≈≈≈≈
#####≈≈≈.......~≈≈≈≈≈
#####≈≈≈≈.......≈≈≈≈≈
#####≈≈≈≈........≈≈≈≈
#####≈≈≈≈~~~~....≈≈≈≈


You could see a titan, 2 shard shrikes, a freezing wraith, an ice beast
(summoned) and a shard shrike simulacrum.

Vanquished Creatures
  Asmodeus (Geh:7)
  the Royal Jelly (Slime:5)
  Ereshkigal (Tar:7)
  4 dread liches
  8 ancient liches
  An orb of fire (Zot:2)
  A juggernaut (Depths:4)
  Xtahua (Vaults:5)
  Boris (twice) (Vaults:2 Vaults:4)
  Vv (Crypt:3)
  Margery (Vaults:2)
  2 shard shrikes (Coc:7)
  Saint Roka (Vaults:2)
  Nikola (Spider:3)
  2 caustic shrikes (Depths:4)
  the Enchantress (Depths:2)
  3 profane servitors (Tar:7)
  7 golden dragons
  Geryon (Hell)
  15 Tzitzimimeh
  20 bone dragons
  9 tentacled monstrosities
  A spectral shard shrike (Tar:6)
  13 doom hounds
  13 Brimstone Fiends
  2 electric golems
  2 shard shrike zombies (Tar:7)
  8 hellephants
  11 tainted leviathans
  A walking earthen tome (Depths:3)
  A Hell Sentinel (Abyss:4)
  12 liches
  Zenata (Vaults:4)
  7 Ice Fiends
  A shard shrike skeleton (Tar:7)
  Grunn (Depths:4)
  6 titans
  2 quicksilver dragons
  2 deep elf blademasters
  12 acid blobs
  13 searing wretches
  4 krakens
  8 sphinxes
  The ghost of Fown the Brawler, an adept TrSh of Qazlal (Depths:4)
  Polyphemus (Shoals:2)
  An Executioner (Abyss:3)
  17 tentacled starspawn
  2 deep elf master archers
  2 eldritch tentacles (WizLab)
  2 death cobs (Zot:1)
  10 ancient champions
  11 storm dragons
  16 azure jellies
  Kirke (D:13)
  2 draconian monks
  9 tengu reavers
  8 shadow dragons
  Roxanne (Shoals:2)
  Donald (Vaults:3)
  4 draconian knights
  8 rockslimes
  Ilsuiw (Shoals:2)
  9 emperor scorpions
  6 deep elf sorcerers
  14 frost giants
  3 revenants
  3 draconian shifters
  14 fire giants
  2 spectral juggernauts (Tar:6)
  2 iron dragons (shapeshifter) (Depths:2)
  5 spectral caustic shrikes
  9 ghouls
  The ghost of Ybissid the Spry, an adept DjCj of Elyvilon (D:14)
  A caustic shrike zombie (Abyss:3)
  25 balrugs
  16 vault wardens
  6 iron dragons
  5 shard shrike simulacra
  8 deep elf elementalists
  3 cacodemons
  An iron troll (shapeshifter) (Depths:2)
  2 curse skulls (Crypt:1)
  7 ghost moths
  108 slime creatures
  4 spriggan defenders
  5 broodmothers
  A juggernaut zombie (Tar:7)
  2 orc warlords (Vaults:4)
  18 reapers
  2 draconian annihilators
  A draconian stormcaller (Depths:4)
  8 ironbound thunderhulks
  5 formless jellyfish
  24 ironbound preservers
  36 very ugly things
  9 quicksilver oozes
  5 stone giants
  3 caustic shrike skeletons
  Nessos (Lair:5)
  17 elemental wellsprings
  8 vampire knights
  3 green draconians
  10 deep elf death magi
  6 black draconians
  11 putrid mouths
  3 deep elf demonologists
  A lorocyproca (Hell)
  9 deep elf annihilators
  5 purple draconians
  6 red draconians
  4 wendigos
  21 dire elephants
  3 spark wasps
  9 white draconians
  4 yellow draconians
  6 war gargoyles
  Azrael (Spider:1)
  A crystal guardian (Vaults:4)
  A green death (Abyss:4)
  13 eidola
  15 ettins
  4 blizzard demons
  7 merfolk impalers
  Snorg (Orc:1)
  7 fire dragons
  7 yaktaur captains
  7 jiangshi
  An elf zombie (Crypt:1)
  An entropy weaver (Spider:3)
  A spectral spriggan (Tar:6)
  3 merfolk javelineers
  10 salamander tyrants
  4 spriggan zombies
  A quicksilver dragon zombie (Crypt:3)
  39 vault guards
  10 deep elf high priests
  Josephine (D:13)
  8 rakshasas
  13 great orbs of eyes
  8 ice dragons
  8 juggernaut simulacra
  An ice dragon (shapeshifter) (Depths:2)
  An ogre mage (Vaults:5)
  3 jorogumos
  2 alligator snapping turtles (Shoals:4)
  4 hydras
  A quicksilver dragon skeleton (Abyss:4)
  A peacekeeper (Vaults:4)
  An alligator (shapeshifter) (Depths:2)
  2 catoblepae
  3 merfolk avatars
  2 caustic shrike simulacra
  3 demonspawn (Orc:2)
  3 spriggan air magi
  8 ironbound frosthearts
  2 radroaches
  8 death knights
  8 stokers
  3 spriggan skeletons
  5 two-headed ogres
  13 centaur warriors
  32 death yaks
  9 demonic crawlers
  2 two-headed ogres (shapeshifter)
  7 merfolk aquamancers (Shoals:4)
  3 satyrs
  5 boulder beetles
  7 deep troll earth magi
  A sphinx skeleton (Crypt:2)
  3 deep troll shamans
  A bennu zombie (Crypt:1)
  30 hell hogs
  9 orc high priests
  A titan zombie (Tar:7)
  19 dancing weapons
  9 tengu warriors
  8 vampire magi
  4 spriggan berserkers
  A spectral naga (Tar:6)
  5 occultists
  40 thrashing horrors
  A shock serpent (shapeshifter) (Vaults:5)
  5 soul eaters
  2 titan skeletons (Crypt:3)
  18 hell knights
  2 storm dragon zombies (D:15)
  A skyshark (shapeshifter) (WizLab)
  9 sun demons
  19 wretched stars
  29 shadow wraiths
  14 deep elf knights
  6 pharaoh ants
  7 sixfirhies
  A shining eye (shapeshifter) (Depths:2)
  67 skeletal warriors
  7 iron trolls
  3 quicksilver dragon simulacra
  A sea snake (shapeshifter) (Vaults:5)
  A mana viper (WizLab)
  4 skysharks
  A spark wasp zombie (D:15)
  3 glowing orange brains
  8 sea snakes
  A storm dragon skeleton (WizLab)
  11 flayed ghosts
  A death drake (WizLab)
  2 arcanists
  A spatial maelstrom (Abyss:4)
  12 orb spiders
  3 sun moths
  An orb spider (shapeshifter) (Vaults:5)
  9 deep elf archers
  7 steelbarb worms
  61 deep trolls
  12 ironbound convokers
  A bog body (Crypt:3)
  A lindwurm (shapeshifter) (Vaults:5)
  15 phantasmal warriors
  2 bunyip skeletons (Crypt:3)
  3 anaconda skeletons
  Pikel (D:8)
  6 lindwurms
  2 spriggan simulacra
  18 deep elf pyromancers
  9 necromancers
  18 deep elf zephyrmancers
  An iron giant skeleton (Crypt:3)
  2 obsidian statues (WizLab)
  14 wolf spiders
  4 will-o-the-wisps
  23 harpies
  12 fauns
  5 shining eyes
  An oklob plant (Lair:5)
  5 orc sorcerers
  A wolf spider zombie (Crypt:1)
  14 cyclopes
  26 ugly things
  15 orc knights
  21 moths of wrath
  5 elephants
  An iron dragon skeleton (Crypt:3)
  44 large abominations
  17 manticores
  A human skeleton (Crypt:1)
  5 apocalypse crabs
  9 meliai
  3 worldbinders
  31 smoke demons
  10 water nymphs
  A kobold blastminer (Orc:2)
  5 black mambas (Lair:5)
  8 merfolk sirens
  A stone giant skeleton (Crypt:1)
  16 vault sentinels
  6 rust devils
  An eleionoma skeleton (Crypt:2)
  2 orange demons (Abyss:3)
  A dire elephant skeleton (Crypt:3)
  3 gargoyles
  A draconian skeleton (Crypt:1)
  A white draconian zombie (Crypt:1)
  2 naga skeletons
  An alligator snapping turtle zombie (Abyss:3)
  13 hellions
  11 molten gargoyles
  A green draconian zombie (Crypt:2)
  A storm dragon simulacrum (Hell)
  5 unseen horrors
  10 torpor snails
  4 centaur skeletons
  5 komodo dragons
  A mana viper skeleton (Crypt:1)
  7 cane toads
  A yaktaur (shapeshifter) (Vaults:5)
  A rime drake (Lair:1)
  4 tormentors
  A swamp worm zombie (Crypt:2)
  An iron troll zombie (Crypt:2)
  3 anaconda simulacra
  14 freezing wraiths
  3 ice devils
  3 tengu conjurers (Depths:2)
  3 efreet
  9 ancient zymes
  46 yaktaurs
  2 iron giant simulacra (Coc:4)
  28 merfolk
  2 silent spectres
  A yellow draconian skeleton (Crypt:3)
  5 hellwings
  3 hornets
  5 guardian mummies (Crypt:3)
  7 trolls
  8 wind drakes
  A queen bee (Spider:4)
  A merfolk (shapeshifter) (Depths:3)
  3 harpy zombies
  12 polar bears
  A troll (shapeshifter) (Elf:3)
  28 blink frogs
  25 tarantellas
  A hydra skeleton (Crypt:1)
  37 raiju
  5 harpy skeletons
  An ettin zombie (Crypt:1)
  2 dream sheep (Shoals:4)
  5 glass eyes
  A fire dragon zombie (Crypt:2)
  12 snapping turtles
  A stone giant simulacrum (Coc:7)
  Sigmund (D:4)
  26 culicivoras
  A spriggan (shapeshifter) (Abyss:4)
  19 wraiths
  34 jumping spiders
  11 water elementals
  3 shadows
  3 air elementals
  10 fire elementals
  6 fire bats
  4 spriggans
  9 ynoxinuls
  2 hogs (D:13)
  7 wargs
  8 golden eyes
  3 wyverns
  78 starcursed masses
  35 yaks
  10 basilisks
  9 neqoxecs
  A redback (shapeshifter) (Depths:3)
  2 steam dragons
  48 redbacks
  3 vampire mosquitoes (D:14)
  9 chaos spawn
  Edmund (D:4)
  7 harpy simulacra
  4 spatial vortices (Abyss:4)
  A culicivora (shapeshifter) (Depths:2)
  2 hydra simulacra (Coc:5)
  22 hell hounds
  3 acid dragons
  A demonspawn skeleton (Crypt:2)
  33 orc warriors
  19 water moccasins
  An ice beast (D:6)
  A blink frog zombie (Crypt:2)
  49 laughing skulls
  19 black bears
  A black mamba simulacrum (Hell)
  A torpor snail zombie (Crypt:1)
  4 ogres
  4 boggarts
  29 wolves
  A phantom (D:7)
  10 centaurs
  2 lemures (D:8)
  A draconian zombie (Crypt:3)
  4 kobold brigands
  2 brain worms
  6 weeping skulls (Abyss:3)
  11 bullfrogs
  A gnoll sergeant (D:6)
  A cyclops zombie (Crypt:1)
  4 necrophages (Crypt:3)
  3 earth elementals
  3 scorpions
  21 small abominations
  10 wights
  A raiju zombie (Crypt:1)
  11 killer bees
  A wolf zombie (Crypt:2)
  4 electric eels
  8 howler monkeys
  7 crimson imps (D:10)
  2 bombardier beetles
  A human zombie (Crypt:3)
  2 quasits
  3 hounds
  14 jellies
  26 orc priests
  4 iron imps (Abyss:3)
  6 gnoll boudas
  A sleepcap (D:8)
  16 orc wizards
  16 hell rats
  A brain worm zombie (Crypt:1)
  7 mummies (Crypt:3)
  3 adders
  35 gnolls
  A shadow imp (D:10)
  7 white imps
  7 ufetubi
  An iguana zombie (Crypt:3)
  2 dart slugs
  2 ribbon worms
  94 orcs
  A bat skeleton (Crypt:3)
  8 endoplasms
  4 giant cockroaches
  2 hobgoblins
  16 jackals
  3 quokkas
  8 ball pythons
  2 bats
  4 frilled lizards
  8 goblins
  A goblin zombie (Crypt:3)
  A jackal skeleton (Crypt:3)
  16 kobolds
  An orc skeleton (Crypt:2)
  2 rats
  A creeping inferno (Geh:5)
  6 fire vortices
  3 lurking horrors
  12 starspawn tentacles
  6 tentacles
3326 creatures vanquished.

Vanquished Creatures (others)
  A nargun (Coc:6)
  2 elemental wellsprings (Coc:6)
  A stoker (Geh:7)
  A salamander tyrant (Depths:2)
  A hell hog (Geh:5)
  A deep elf knight (Elf:1)
  A quicksilver dragon simulacrum (Coc:6)
  A spriggan simulacrum (Coc:4)
  A manticore (D:11)
  A wolf spider (Spider:4)
  A culicivora (Spider:1)
  2 humans (D:13)
  A redback (Spider:3)
  A hell hound (Spider:1)
  A weeping skull (Abyss:3)
  2 small abominations
  A creeping inferno (Geh:7)
  3 foxfires (Abyss:4)
  98 spectral weapons
  32 starspawn tentacles
  32 tentacles
185 creatures vanquished.

Grand Total: 3511 creatures vanquished

Notes
Turn   | Place    | Note
-------+----------+-------------------------------------------
     0 | D:1      | Ivernyr the Formicid Fighter began the quest for the Orb.
     0 | D:1      | Reached XP level 1. HP: 18/18 MP: 1/1
    74 | D:1      | Reached XP level 2. HP: 24/24 MP: 2/2
   106 | D:1      | Found Habina's Distillery.
   483 | D:1      | Reached XP level 3. HP: 29/29 MP: 3/3
   985 | D:2      | Found Gale's Weapon Shoppe.
  1658 | D:3      | Reached XP level 4. HP: 35/37 MP: 4/4
  1667 | D:3      | Found a glowing silver altar of Zin.
  1936 | D:3      | Noticed a kobold brigand
  1970 | D:3      | Reached XP level 5. HP: 11/42 MP: 5/5
  1972 | D:3      | You fall into a shaft and drop 1 floor!
  2151 | D:4      | Reached skill level 5 in Shields
  2220 | D:4      | Reached XP level 6. HP: 48/48 MP: 6/6
  2439 | D:4      | Noticed Sigmund
  2451 | D:4      | Killed Sigmund
  2452 | D:4      | Reached XP level 7. HP: 29/55 MP: 7/7
  2638 | D:4      | Reached skill level 5 in Staves
  2778 | D:4      | Found a blossoming altar of Fedhas.
  2781 | D:4      | Found an ancient bone altar of Kikubaaqudgha.
  2932 | D:4      | Noticed Edmund
  2945 | D:4      | Killed Edmund
  2946 | D:4      | Reached skill level 5 in Fighting
  2946 | D:4      | Reached skill level 5 in Armour
  3345 | D:5      | Entered Level 5 of the Dungeon
  3392 | D:4      | Reached XP level 8. HP: 14/61 MP: 8/8
  4018 | D:5      | You fall into a shaft and drop 1 floor!
  4289 | D:3      | You fall into a shaft and drop 2 floors!
  5153 | D:3      | Identified the +4 flail "Getyczom" {venom, Int+4}
  5157 | D:3      | Found a faded altar of an unknown god.
  5734 | D:2      | Upgraded the game from 0.31-a0-1511-g961fd35ebc to
                  | 0.31-a0-1612-g4aaf141004
  5825 | D:3      | Found a shimmering blue altar of Sif Muna.
  6251 | D:3      | Identified the +0 robe "Urac" {rN+ Dex+3}
  6685 | D:6      | Reached XP level 9. HP: 52/69 MP: 9/9
  6745 | D:6      | Found a white marble altar of Elyvilon.
  7434 | D:6      | Found Nureddih's Antique Weapon Boutique.
  7536 | D:6      | Found a staircase to the Ecumenical Temple.
  7550 | Temple   | Entered the Ecumenical Temple
  7578 | Temple   | Became a worshipper of the Wu Jian Council
  7910 | D:7      | HP: 3/60 [wight/+4 scimitar (1)]
  7911 | D:7      | You fall into a shaft and drop 2 floors!
  8809 | D:7      | Reached XP level 10. HP: 79/79 MP: 10/10
  9163 | D:8      | Found Kenelasch's Jewellery Shoppe.
  9262 | D:8      | Found a shadowy altar of Dithmenos.
  9315 | D:8      | Found Ryco's Jewellery Shoppe.
  9389 | D:8      | Reached * piety under Wu Jian
  9398 | D:8      | Found Forynev's Assorted Antiques.
  9528 | D:8      | Found Keibra's Armour Shoppe.
  9541 | D:8      | Bought a +2 plate armour of willpower for 560 gold pieces
  9560 | D:8      | Found Junutetz's Distillery.
  9572 | D:8      | Noticed a two-headed ogre
  9580 | D:8      | Killed a two-headed ogre
  9691 | D:8      | Found a shimmering altar of Xom.
  9884 | D:9      | Noticed Pikel
  9992 | D:8      | Killed Pikel
 10413 | D:9      | Reached skill level 10 in Staves
 10745 | D:9      | Reached skill level 10 in Shields
 10745 | D:9      | Reached XP level 11. HP: 64/87 MP: 11/11
 10811 | D:9      | Noticed a centaur warrior
 10822 | D:9      | Noticed a two-headed ogre
 10824 | D:9      | Killed a centaur warrior
 10937 | D:9      | Killed a two-headed ogre
 11204 | D:10     | Entered Level 10 of the Dungeon
 11337 | D:10     | Reached ** piety under Wu Jian
 11775 | D:10     | Noticed a death yak
 11778 | D:10     | Noticed a death yak
 11784 | D:10     | Noticed a death yak
 11804 | D:10     | Killed a death yak
 11818 | D:10     | You fall into a shaft and drop 2 floors!
 12043 | D:12     | Noticed a two-headed ogre
 12060 | D:12     | Killed a two-headed ogre
 12364 | D:10     | Found a staircase to the Lair.
 12397 | D:10     | Killed a death yak
 12416 | D:10     | You fall into a shaft and drop 2 floors!
 12615 | D:12     | Reached XP level 12. HP: 97/97 MP: 12/12
 12861 | D:11     | Noticed a two-headed ogre
 12869 | D:11     | Killed a two-headed ogre
 13089 | D:11     | Got the Anthology of the Maleficium and Lightning
 13406 | D:10     | Reached skill level 10 in Fighting
 13430 | D:10     | Killed a death yak
 13431 | D:10     | Reached skill level 10 in Armour
 13933 | D:10     | Reached *** piety under Wu Jian
 13936 | D:10     | Found a portal to a secret trove of treasure.
 14093 | D:10     | Found a staircase to the Orcish Mines.
 14167 | Lair:1   | Entered Level 1 of the Lair of Beasts
 14466 | Lair:1   | Found a snail-covered altar of Cheibriados.
 14544 | Lair:1   | Noticed a death yak
 14544 | Lair:1   | Noticed a death yak
 14572 | Lair:1   | Killed a death yak
 14623 | Lair:1   | Noticed a death yak
 14625 | Lair:1   | Noticed a death yak
 14640 | Lair:1   | Noticed a death yak
 14651 | Lair:1   | Killed a death yak
 14659 | Lair:1   | Killed a death yak
 14660 | Lair:1   | Reached XP level 13. HP: 58/104 MP: 13/13
 16080 | Lair:2   | Found a shimmering altar of Xom.
 16472 | Lair:2   | Reached **** piety under Wu Jian
 16902 | Lair:2   | Reached XP level 14. HP: 109/111 MP: 14/14
 16955 | Lair:2   | You fall into a shaft and drop 1 floor!
 17735 | D:10     | You paid a toll of 5 scrolls of fog to enter a treasure
                  | trove
 17736 | Trove    | Entered a treasure trove
 17743 | Trove    | Identified the +11 lajatang "Kuqohuso" {spect, Stlth+}
 17749 | Trove    | Identified the +6 tower shield of Living Happiness {rN+
                  | Dex+6}
 17764 | Trove    | Identified the +0 orcbow of the Boar {elec, rF+ Str+2
                  | Dex+3}
 17768 | Trove    | Identified the +2 pair of gloves of the First Snow {+Inv
                  | rElec Str-3}
 17783 | Trove    | Identified the ring of the Final Decision {rPois rC+ MP+9}
 17785 | Trove    | Identified the ring of Leinuan {Fly rPois rC+ MP+9}
 17795 | Trove    | Identified the ring "Fuwoeq" {Fly rF+ Slay+3}
 17797 | Trove    | Identified the ring "Yfuomyx" {rC+ rCorr}
 17916 | Lair:3   | Reached skill level 15 in Staves
 18140 | Lair:3   | Reached ***** piety under Wu Jian
 18281 | Lair:3   | Found a staircase to the Shoals.
 18421 | Lair:3   | Found a hole to the Spider Nest.
 18869 | Lair:4   | Found a viscous altar of Jiyva.
 18874 | Lair:4   | Found a staircase to the Slime Pits.
 18927 | Lair:4   | Found a transporter.
 19071 | Lair:4   | Upgraded the game from 0.31-a0-1612-g4aaf141004 to
                  | 0.31-a0-1616-gbeaec30b81
 19228 | Lair:4   | Reached skill level 15 in Shields
 19467 | Lair:4   | Noticed James's ghost (journeyman SpFi)
 19471 | Lair:4   | Found a transporter.
 19648 | Lair:5   | Entered Level 5 of the Lair of Beasts
 19660 | Lair:5   | Noticed Nessos
 19667 | Lair:5   | Killed Nessos
 19670 | Lair:5   | Reached XP level 15. HP: 71/123 MP: 15/15
 20051 | Lair:5   | Reached ****** piety under Wu Jian
 20066 | Lair:5   | Reached skill level 1 in Evocations
 20090 | Lair:5   | Identified the maw talisman of Light {rPois rF++ rC-
                  | Stlth+}
 20422 | Lair:5   | Found a runed translucent gate.
 20422 | Lair:5   | Found a runed translucent gate.
 20586 | Lair:5   | Found a runed translucent gate.
 20587 | Lair:5   | Noticed SliceSliceBaby's ghost (journeyman GrEE)
 21784 | D:13     | Noticed Kirke
 21794 | D:13     | Killed Kirke
 22027 | D:13     | Found a gate to the Vaults.
 22059 | D:13     | You are sucked into a shaft and drop 2 floors!
 22059 | D:15     | Entered Level 15 of the Dungeon
 22453 | D:14     | Found a runed translucent door.
 22453 | D:14     | Noticed Ybissid's ghost (adept DjCj)
 23304 | D:15     | Noticed a white very ugly thing
 23314 | D:14     | Reached XP level 16. HP: 98/133 MP: 16/16
 23417 | D:14     | Killed Ybissid's ghost
 23418 | D:14     | Reached skill level 5 in Evocations
 23681 | D:15     | Found a runed translucent gate.
 23682 | D:15     | Noticed an acid blob
 23683 | D:15     | Found a runed translucent gate.
 23683 | D:15     | Noticed niknal's ghost (journeyman TeWr)
 23683 | D:15     | Noticed a rockslime
 23684 | D:15     | Found a runed translucent gate.
 23684 | D:15     | Noticed an acid blob
 23750 | D:15     | Found a staircase to the Depths.
 23938 | D:15     | Found a sacrificial altar of Ru.
 23996 | D:15     | Identified the +0 leather armour "Siffam" {rPois rCorr
                  | Int-3 Dex+3}
 24216 | D:15     | Found a viscous altar of Jiyva.
 24400 | Orc:1    | Entered Level 1 of the Orcish Mines
 24400 | Orc:1    | Noticed Snorg
 24404 | Orc:1    | Killed Snorg
 24448 | Orc:1    | Found Muarghaem's Weapon Shop.
 24489 | Orc:1    | Found Bioppu's Distillery.
 24515 | Orc:1    | Bought a potion of heal wounds for 60 gold pieces
 24515 | Orc:1    | Bought a potion of cancellation for 96 gold pieces
 24527 | Orc:1    | Found Paclyiqa's General Store.
 24797 | Orc:2    | Entered Level 2 of the Orcish Mines
 25116 | Orc:2    | Found Gayjot Apa's General Store.
 25119 | Orc:2    | Found Cuh Der's General Store.
 25320 | Orc:2    | Bought a potion of heal wounds for 70 gold pieces
 25353 | Orc:2    | Reached skill level 15 in Armour
 25360 | Orc:2    | Reached skill level 15 in Fighting
 25631 | Orc:2    | Found Hode Dewn's Antique Armour Shop.
 25631 | Orc:2    | Found Duabil's Jewellery Boutique.
 25631 | Orc:2    | Found a one-way gate leading to the halls of Pandemonium.
 25723 | Orc:2    | Bought a pair of embroidered gloves for 270 gold pieces
 25829 | Orc:2    | Found a staircase to the Elven Halls.
 25950 | Elf:1    | Entered Level 1 of the Elven Halls
 26004 | Elf:1    | Found Hatyhuj's Antique Armour Emporium.
 26013 | Elf:1    | Bought a bloodstained chain mail for 361 gold pieces
 26013 | Elf:1    | Identified the +3 chain mail "Siptuss" {rElec} (You bought
                  | it in a shop on level 1 of the Elven Halls)
 26013 | Elf:1    | Bought a warped chain mail for 361 gold pieces
 26013 | Elf:1    | Identified the +3 chain mail of Hedge Wizardry {Harm rF+
                  | rCorr} (You bought it in a shop on level 1 of the Elven
                  | Halls)
 26101 | Elf:1    | Found the +16 obsidian axe {drain, demonic, Mesm ^Drain Fly
                  | SInv}
 26163 | Elf:1    | Reached XP level 17. HP: 139/142 MP: 17/17
 26617 | Elf:1    | Identified the +5 quarterstaff of Kuihuc {protect, rN++
                  | Int+2 Dex-4 Stlth+}
 26839 | Elf:2    | Found Igguubui's Antique Weapon Shop.
 26851 | Elf:2    | Found a radiant altar of Vehumet.
 26952 | Elf:2    | Found a huge runed translucent gate.
 26952 | Elf:2    | Found a huge runed translucent gate.
 26954 | Elf:2    | Found a huge runed translucent gate.
 26954 | Elf:2    | Found a huge runed translucent gate.
 26955 | Elf:2    | Found a huge runed translucent gate.
 27450 | Elf:2    | Noticed a deep elf blademaster
 27462 | Elf:2    | Killed a deep elf blademaster
 27713 | Elf:2    | Identified the blade talisman of the Other World {Dex-2
                  | Slay+2 Stlth+}
 28080 | Elf:3    | Entered Level 3 of the Elven Halls
 28108 | Elf:3    | Found Gil Sou's Antique Weapon Emporium.
 28323 | Elf:3    | Found Durhet's Assorted Antiques.
 28331 | Elf:3    | Bought a potion of heal wounds for 225 gold pieces
 28452 | Elf:3    | Reached skill level 10 in Evocations
 28509 | Elf:3    | Found Axuo's Weapon Boutique.
 28601 | Elf:3    | Reached XP level 18. HP: 152/152 MP: 18/18
 28612 | Elf:3    | Noticed a deep elf master archer
 28629 | Elf:3    | HP: 5/153 [deep elf high priest/damnation (12)]
 28629 | Elf:3    | HP: 1/153 [deep elf high priest (4)]
 28634 | Elf:3    | Killed a deep elf master archer
 29113 | Elf:3    | Identified the +8 quick blade of Witiwer {vamp, ^Fragile
                  | Will+ Dex+3}
 29781 | Elf:3    | Identified the +0 chain mail "Hiol" {Harm rC+ Regen+ Int+3}
 29796 | Elf:3    | Identified the +1 cloak of Dishonour {-Tele +Inv rN+
                  | Stlth+}
 30398 | Shoals:1 | Entered Level 1 of the Shoals
 30421 | Shoals:1 | Reached skill level 1 in Polearms
 30730 | Shoals:1 | Noticed a kraken
 30739 | Shoals:1 | Killed a kraken
 31365 | Shoals:2 | Noticed Roxanne
 31375 | Shoals:2 | Killed Roxanne
 31582 | Shoals:2 | Noticed Polyphemus
 31598 | Shoals:2 | Killed Polyphemus
 31995 | Shoals:2 | Reached skill level 5 in Polearms
 32147 | Shoals:2 | Noticed Ilsuiw
 32151 | Shoals:2 | Reached XP level 19. HP: 161/161 MP: 19/19
 32167 | Shoals:2 | Killed Ilsuiw
 32712 | Shoals:2 | Found Faymeum's Magic Scroll Shop.
 32715 | Shoals:2 | Bought a scroll of acquirement for 676 gold pieces
 32722 | Shoals:2 | Acquired a manual of Armour
 32804 | Shoals:3 | Found a transporter.
 32817 | Shoals:3 | Found a transporter.
 32904 | Shoals:3 | Noticed Yhis Fol's ghost (adept MiFi)
 33819 | Shoals:4 | Entered Level 4 of the Shoals
 34533 | Shoals:4 | Got a barnacled rune of Zot
 34834 | Shoals:4 | Found Junnioru's Overcharged Wands.
 35394 | Shoals:4 | Identified the staff "Ithridets" {rN+ Will+ Stlth+ Necro}
 35705 | Spider:1 | Entered Level 1 of the Spider Nest
 35888 | Spider:1 | Noticed Azrael
 35900 | Spider:1 | Killed Azrael
 35904 | Spider:1 | Reached XP level 20. HP: 95/170 MP: 20/20
 35956 | Spider:1 | You are sucked into a shaft and drop 1 floor!
 35965 | Spider:2 | You are sucked into a shaft and drop 1 floor!
 37642 | Spider:2 | Reached skill level 10 in Polearms
 38171 | Spider:3 | Found a transporter.
 38173 | Spider:3 | Found a transporter.
 38173 | Spider:3 | Found the +0 mask of the Dragon {Will+ Slay+3 SInv}
 38264 | Spider:3 | Got the +0 pair of boots of Shadows and Fog {rF+ rC+ rN+++
                  | Int-5}
 38510 | Spider:3 | Noticed Nikola
 38523 | Spider:3 | Killed Nikola
 38994 | Spider:4 | Entered Level 4 of the Spider Nest
 39551 | Spider:4 | Reached XP level 21. HP: 99/178 MP: 2/21
 39813 | Spider:4 | Got a gossamer rune of Zot
 40425 | D:13     | Noticed Josephine
 40431 | D:13     | Killed Josephine
 40975 | Vaults:1 | Entered Level 1 of the Vaults
 42514 | Vaults:2 | Noticed Margery
 42547 | Vaults:2 | Killed Margery
 42562 | Vaults:2 | HP: 9/181 [deep elf high priest/divine providence[Margery]
                  | (13)]
 42568 | Vaults:2 | Reached XP level 22. HP: 41/188 MP: 22/22
 42779 | Vaults:2 | Noticed Saint Roka
 42790 | Vaults:2 | Killed Saint Roka
 43071 | Vaults:2 | Noticed Boris
 43082 | Vaults:2 | Killed Boris
 43174 | Vaults:2 | Found Oclouta's Antique Weapon Shoppe.
 43660 | Vaults:2 | Found Odwe's General Store.
 43664 | Vaults:2 | Bought 2 potions of heal wounds for 130 gold pieces
 43716 | Vaults:2 | Found Ajeh's Book Shop.
 44278 | Vaults:3 | Noticed Donald
 44284 | Vaults:3 | Killed Donald
 44329 | Vaults:3 | Identified the granite talisman of the Bells {+Blink MP+9
                  | Int+2}
 44503 | Vaults:3 | Reached skill level 15 in Polearms
 44618 | Vaults:3 | Found a staircase to the Crypt.
 45609 | Vaults:3 | Reached XP level 23. HP: 188/196 MP: 23/23
 45748 | Vaults:4 | Noticed Zenata
 45752 | Vaults:4 | Killed Zenata
 45963 | Vaults:4 | Found Sumox's Magic Scroll Shoppe.
 45971 | Vaults:4 | Bought a scroll of enchant weapon for 165 gold pieces
 45993 | Vaults:4 | Noticed Boris
 46001 | Vaults:4 | Killed Boris
 46312 | Vaults:4 | Identified the amulet of Deojecau {Acrobat Harm}
 47258 | Depths:1 | Entered Level 1 of the Depths
 47385 | Depths:1 | Found Ronlosh's General Store.
 47748 | Depths:1 | Found a gateway to Hell.
 48240 | Depths:1 | Found a hide-covered altar of Uskayaw.
 48914 | Depths:2 | Reached XP level 24. HP: 206/206 MP: 23/23
 48945 | Depths:2 | Noticed an ancient lich
 48953 | Depths:2 | Killed an ancient lich
 49296 | Depths:2 | Found a one-way gateway to a ziggurat.
 49373 | Depths:2 | Identified the +0 rapier "Ynneuc" {freeze, Str+3 Stlth+}
 49414 | Depths:2 | Identified the staff "Reirghya" {rC+ Will+ Stlth- Ice
                  | Alchemy}
 49416 | Depths:2 | Identified the staff of Iconoclasm {rPois rF+ Dex-5 SInv
                  | Fire}
 49469 | Depths:2 | Identified the +6 orcbow of Drought {flame, rPois Str-2
                  | Int+6}
 49751 | Depths:2 | Identified the staff "Qefe" {rElec rN+ Air}
 50044 | Depths:2 | Identified the staff of Saltpetre {rElec Will- Str+4 Air}
 50243 | Depths:3 | Noticed the Enchantress
 50704 | Depths:2 | Killed the Enchantress
 51157 | Depths:3 | Noticed a golden dragon
 51162 | Depths:3 | Killed a golden dragon
 51291 | Depths:3 | Noticed a golden dragon
 51309 | Depths:3 | Killed a golden dragon
 51483 | Depths:3 | Found a one-way gate to the infinite horrors of the Abyss.
 51763 | Depths:3 | Found Hoxkeal's Jewellery Emporium.
 51763 | Depths:3 | Found Aqodeg's Book Shop.
 51764 | Depths:3 | Found Ilasof's Book Shop.
 51952 | Depths:3 | Identified the +1 plate armour "Vome" {rElec rN+ Will+
                  | Int-5}
 52198 | Depths:4 | Entered Level 4 of the Depths
 52238 | Depths:4 | Found a magical portal.
 52244 | WizLab   | Entered The Roulette of Golubria
 52244 | WizLab   | Found a transporter.
 52251 | WizLab   | Found a corrupted altar of Lugonu.
 52335 | WizLab   | Found a corrupted altar of Lugonu.
 52343 | WizLab   | Found a corrupted altar of Lugonu.
 52351 | WizLab   | Found a transporter.
 52363 | WizLab   | Found a transporter.
 52375 | WizLab   | Found a transporter.
 52380 | WizLab   | Found a transporter.
 52386 | WizLab   | Found a transporter.
 52386 | WizLab   | Found a transporter.
 52390 | WizLab   | Found a corrupted altar of Lugonu.
 52409 | WizLab   | Found a corrupted altar of Lugonu.
 52414 | WizLab   | Reached XP level 25. HP: 214/215 MP: 23/23
 52465 | WizLab   | Found a corrupted altar of Lugonu.
 52505 | WizLab   | Found a transporter.
 52534 | WizLab   | Found a transporter.
 52568 | WizLab   | Found a transporter.
 52677 | WizLab   | Found a transporter.
 52721 | WizLab   | Found a corrupted altar of Lugonu.
 52723 | WizLab   | Found a transporter.
 52732 | WizLab   | Gained mutation: You have sharp toenails. [a cacodemon]
 52885 | WizLab   | Found a transporter.
 52895 | WizLab   | Found a transporter.
 52895 | WizLab   | Found a transporter.
 53012 | WizLab   | Found a transporter.
 53012 | WizLab   | Found a transporter.
 53028 | WizLab   | Found a transporter.
 53165 | WizLab   | Identified the +2 cloak of Sipuneink {Will+}
 53311 | WizLab   | Identified the +0 cloak of Viobas {Stlth+}
 53777 | Depths:4 | Noticed a juggernaut
 53779 | Depths:4 | Noticed Fown's ghost (adept TrSh)
 53788 | Depths:4 | Found a runed translucent gate.
 53788 | Depths:4 | Found a runed translucent gate.
 53788 | Depths:4 | Found a runed translucent gate.
 53905 | Depths:4 | Killed a juggernaut
 53923 | Depths:4 | Killed Fown's ghost
 54110 | Depths:4 | Identified the ring of Xoujiedgh {rCorr Str+3}
 54166 | Depths:4 | Noticed Grunn
 54180 | Depths:4 | Killed Grunn
 54403 | Depths:4 | Noticed a caustic shrike
 54408 | Depths:4 | Killed a caustic shrike
 54408 | Depths:4 | Noticed a caustic shrike
 54417 | Depths:4 | Killed a caustic shrike
 54706 | Depths:4 | Found a gate to the Realm of Zot.
 55593 | Vaults:5 | Entered Level 5 of the Vaults
 55638 | Vaults:5 | Reached skill level 1 in Dodging
 55677 | Vaults:5 | Reached XP level 26. HP: 224/224 MP: 23/23
 55805 | Vaults:5 | Reached skill level 5 in Dodging
 55937 | Vaults:5 | Found Bigrotif's Antique Armour Shoppe.
 55960 | Vaults:5 | Found Odekaasm's Distillery.
 55965 | Vaults:5 | Found Moeruo's Magic Scroll Shop.
 55968 | Vaults:5 | Bought a potion of mutation for 128 gold pieces
 55968 | Vaults:5 | Bought a potion of mutation for 128 gold pieces
 55968 | Vaults:5 | Bought a potion of heal wounds for 80 gold pieces
 55972 | Vaults:5 | Bought a fine chain mail for 323 gold pieces
 55972 | Vaults:5 | Identified the +8 chain mail of the Kappa {Str+4 Int+5
                  | Dex-3} (You bought it in a shop on level 5 of the Vaults)
 55977 | Vaults:5 | Bought a scroll of brand weapon for 199 gold pieces
 55989 | Vaults:5 | Bought a pair of dazzling boots for 323 gold pieces
 55989 | Vaults:5 | Identified the +0 pair of boots "Meam" {^Drain Str+2 Int+2
                  | Stlth+} (You bought it in a shop on level 5 of the Vaults)
 56037 | Vaults:5 | Noticed Xtahua
 56052 | Vaults:5 | Killed Xtahua
 56064 | Vaults:5 | Noticed an ancient lich
 56069 | Vaults:5 | Noticed a dread lich
 56074 | Vaults:5 | Killed an ancient lich
 56076 | Vaults:5 | Noticed an ancient lich
 56088 | Vaults:5 | Killed a dread lich
 56093 | Vaults:5 | Killed an ancient lich
 56111 | Vaults:5 | Noticed an ancient lich
 56112 | Vaults:5 | Noticed an ancient lich
 56124 | Vaults:5 | Killed an ancient lich
 56126 | Vaults:5 | Killed an ancient lich
 56317 | Vaults:5 | Found Naruyh's Antique Weapon Emporium.
 56318 | Vaults:5 | Found Asu Poir's Antique Armour Shop.
 56422 | Vaults:5 | Found Poott's Distillery.
 56427 | Vaults:5 | Bought a potion of heal wounds for 75 gold pieces
 56595 | Vaults:5 | Found Uqamukhosch's Magic Scroll Shoppe.
 56600 | Vaults:5 | Bought a scroll of brand weapon for 199 gold pieces
 56600 | Vaults:5 | Bought a scroll of acquirement for 1092 gold pieces
 56600 | Vaults:5 | Bought a scroll of enchant weapon for 157 gold pieces
 56604 | Vaults:5 | Acquired the +0 pair of gloves of the Slorg {Rampage rC-
                  | rN+++ Slay+5}
 56658 | Vaults:5 | Found Polisume's Weapon Shop.
 56864 | Vaults:5 | Found Hifeddod's Magic Scroll Shop.
 56869 | Vaults:5 | Bought a scroll of acquirement for 780 gold pieces
 56869 | Vaults:5 | Acquired 841 gold pieces
 56958 | Vaults:5 | Found Fisiom's Weapon Boutique.
 56971 | Vaults:5 | Got a silver rune of Zot
 57233 | Zot:1    | Entered Level 1 of the Realm of Zot
 57240 | Zot:1    | Reached XP level 27. HP: 231/231 MP: 23/23
 57354 | Zot:1    | Noticed an orb of fire
 57389 | Zot:1    | Found a radiant altar of Vehumet.
 57393 | Zot:1    | Found a transporter.
 57393 | Zot:1    | Noticed a dread lich
 57405 | Zot:1    | Noticed an ancient lich
 57729 | Zot:2    | Noticed an orb of fire
 57739 | Zot:2    | Gained mutation: You are frail. (-10% HP) [an orb of fire]
 57754 | Zot:2    | Killed an orb of fire
 57755 | Zot:2    | Reached skill level 10 in Dodging
 57969 | Zot:2    | Lost mutation: You have sharp toenails. [potion of
                  | mutation]
 57969 | Zot:2    | Lost mutation: You are frail. (-10% HP) [potion of
                  | mutation]
 57969 | Zot:2    | Gained mutation: Your flesh is heat resistant. (rF+)
                  | [potion of mutation]
 57969 | Zot:2    | Gained mutation: You are weak. (Str -2) [potion of
                  | mutation]
 57969 | Zot:2    | Gained mutation: You are very weak. (Str -4) [potion of
                  | mutation]
 57969 | Zot:2    | Gained mutation: Your system is resistant to poisons.
                  | (rPois) [potion of mutation]
 57970 | Zot:2    | Lost mutation: You are very weak. (Str -4) [potion of
                  | mutation]
 57970 | Zot:2    | Lost mutation: Your flesh is heat resistant. (rF+) [potion
                  | of mutation]
 57970 | Zot:2    | Lost mutation: Your system is resistant to poisons. (rPois)
                  | [potion of mutation]
 57970 | Zot:2    | Gained mutation: You have large cloven feet. [potion of
                  | mutation]
 57970 | Zot:2    | Gained mutation: Your flesh is cold resistant. (rC+)
                  | [potion of mutation]
 57971 | Zot:2    | Lost mutation: Your flesh is cold resistant. (rC+) [potion
                  | of mutation]
 57971 | Zot:2    | Lost mutation: You are weak. (Str -2) [potion of mutation]
 57971 | Zot:2    | Lost mutation: You have large cloven feet. [potion of
                  | mutation]
 57971 | Zot:2    | Gained mutation: Your mind is acute. (Int +4, Str/Dex -1)
                  | [potion of mutation]
 57971 | Zot:2    | Gained mutation: You have an increased reservoir of magic.
                  | (+10% MP) [potion of mutation]
 58568 | Zot:2    | Got the Secrets of Baleful Cleavage
 60033 | Slime:1  | Entered Level 1 of the Pits of Slime
 60242 | Slime:2  | Gained mutation: You expend magic power (3 MP) to
                  | strengthen your wands. [a shining eye]
 60244 | Slime:2  | Gained mutation: You are weak. (Str -2) [a shining eye]
 60247 | Slime:2  | Gained mutation: Armour fits poorly on your strangely
                  | shaped body. [a shining eye]
 60679 | Slime:3  | Gained mutation: Your spells are a little easier to cast,
                  | but a little less powerful. [a shining eye]
 60683 | Slime:3  | Gained mutation: Your spells are easier to cast, but less
                  | powerful. [a shining eye]
 60696 | Slime:3  | Lost mutation: Armour fits poorly on your strangely shaped
                  | body. [potion of mutation]
 60696 | Slime:3  | Lost mutation: Your mind is acute. (Int +4, Str/Dex -1)
                  | [potion of mutation]
 60696 | Slime:3  | Lost mutation: You have an increased reservoir of magic.
                  | (+10% MP) [potion of mutation]
 60696 | Slime:3  | Gained mutation: You are very weak. (Str -4) [potion of
                  | mutation]
 60696 | Slime:3  | Gained mutation: Your body sometimes deteriorates upon
                  | taking damage. [potion of mutation]
 60696 | Slime:3  | Lost mutation: Your body sometimes deteriorates upon taking
                  | damage. [potion of mutation]
 60697 | Slime:3  | Lost mutation: You are very weak. (Str -4) [potion of
                  | mutation]
 60697 | Slime:3  | Lost mutation: You are weak. (Str -2) [potion of mutation]
 60697 | Slime:3  | Lost mutation: Your spells are easier to cast, but less
                  | powerful. [potion of mutation]
 60697 | Slime:3  | Gained mutation: You have an increased reservoir of magic.
                  | (+10% MP) [potion of mutation]
 60697 | Slime:3  | Gained mutation: Your muscles are strong. (Str +4, Int/Dex
                  | -1) [potion of mutation]
 60721 | Slime:3  | Gained mutation: You occasionally shout uncontrollably at
                  | your foes. [a shining eye]
 60722 | Slime:3  | Gained mutation: You are dopey. (Int -2) [a shining eye]
 60723 | Slime:3  | Gained mutation: You have large cloven feet. [a shining
                  | eye]
 60880 | Slime:5  | Entered Level 5 of the Pits of Slime
 60984 | Slime:5  | Noticed the Royal Jelly
 61023 | Slime:5  | Killed the Royal Jelly
 61301 | Slime:5  | Identified the +5 battleaxe "Bumiavau" {freeze, rF+ Will+++
                  | rCorr Int-4}
 61314 | Slime:5  | Got a slimy rune of Zot
 61394 | Slime:5  | Got the Volume of Flaming Vapour
 61453 | Slime:5  | Identified the +8 flail of Reinforcement {drain, Fly Str-5
                  | Dex+4}
 61454 | Slime:5  | Identified the +6 whip of Inolaol {freeze, Str+4 Int+4 SInv
                  | Stlth+}
 61471 | Slime:5  | Got the Directory of Arson and Impulse
 61718 | Slime:5  | Lost mutation: You have large cloven feet. [potion of
                  | mutation]
 61718 | Slime:5  | Lost mutation: Your muscles are strong. (Str +4, Int/Dex
                  | -1) [potion of mutation]
 61718 | Slime:5  | Gained mutation: You have sharp toenails. [potion of
                  | mutation]
 61719 | Slime:5  | Lost mutation: Your spells are a little easier to cast, but
                  | a little less powerful. [potion of mutation]
 61719 | Slime:5  | Lost mutation: You have sharp toenails. [potion of
                  | mutation]
 61719 | Slime:5  | Gained mutation: You are weak. (Str -2) [potion of
                  | mutation]
 61719 | Slime:5  | Gained mutation: You have large cloven feet. [potion of
                  | mutation]
 61720 | Slime:5  | Lost mutation: You are dopey. (Int -2) [potion of mutation]
 61720 | Slime:5  | Lost mutation: You occasionally shout uncontrollably at
                  | your foes. [potion of mutation]
 61720 | Slime:5  | Lost mutation: You expend magic power (3 MP) to strengthen
                  | your wands. [potion of mutation]
 61720 | Slime:5  | Gained mutation: You have hidden genetic defects. [potion
                  | of mutation]
 61720 | Slime:5  | Gained mutation: You expend magic power (3 MP) to
                  | strengthen your wands. [potion of mutation]
 62005 | Crypt:1  | Entered Level 1 of the Crypt
 62951 | Crypt:1  | Identified the +10 dagger of the Sun {spect, rPois Will+
                  | Int-3 SInv}
 63197 | Crypt:1  | Gained mutation: You are very weak. (Str -4) [hidden
                  | defects]
 63565 | Abyss:3  | Found a glowing golden altar of the Shining One.
 63565 | Abyss:3  | Cast into level 3 of the Abyss (skeletal warrior)
 63581 | Abyss:3  | Found a corrupted altar of Lugonu.
 63602 | Abyss:3  | Found a glowing golden altar of the Shining One.
 63603 | Abyss:3  | Found a glowing golden altar of the Shining One.
 63675 | Abyss:3  | Found a corrupted altar of Lugonu.
 63766 | Abyss:3  | Found a corrupted altar of Lugonu.
 63811 | Abyss:3  | Found a corrupted altar of Lugonu.
 63830 | Abyss:3  | Gained mutation: You occasionally lose the ability to read
                  | scrolls when taking damage. [hidden defects]
 63830 | Abyss:3  | Lost mutation: You have hidden genetic defects. [hidden
                  | defects expressed]
 63839 | Abyss:3  | Found a corrupted altar of Lugonu.
 63853 | Abyss:3  | Found a corrupted altar of Lugonu.
 63853 | Abyss:3  | Found a corrupted altar of Lugonu.
 63859 | Abyss:3  | Found a corrupted altar of Lugonu.
 63953 | Abyss:3  | Reached skill level 27 in Shields
 63988 | Abyss:3  | Found a radiant altar of Vehumet.
 64119 | Crypt:2  | Escaped the Abyss
 64770 | Crypt:2  | Found a transporter.
 64772 | Crypt:2  | Found a transporter.
 64777 | Crypt:2  | Noticed a royal mummy
 64780 | Crypt:2  | Noticed Fytwut's ghost (legendary GrBe)
 64801 | Crypt:2  | Noticed Fytwut's ghost (legendary GrBe)
 65164 | Crypt:2  | You are sucked into a shaft and drop 1 floor!
 65164 | Crypt:3  | Entered Level 3 of the Crypt
 65607 | Crypt:3  | Noticed Vv
 65635 | Crypt:3  | Killed Vv
 65673 | Crypt:3  | Found a basalt altar of Yredelemnul.
 66104 | Crypt:3  | Noticed a dread lich
 66119 | Crypt:3  | Reached skill level 15 in Evocations
 66121 | Crypt:3  | Killed a dread lich
 66218 | Crypt:3  | Identified the +5 ring mail "Ruxtol" {rN+}
 66219 | Crypt:3  | Identified the +4 chain mail of Good Intentions {Str+5
                  | Int+5 Dex-5}
 66235 | Crypt:3  | Identified the +1 battleaxe of Dim Light {freeze, Str+3
                  | Int+3}
 66251 | Crypt:3  | Identified the staff "Goblinslayer" {rN+ Will+ Str+3 Conj
                  | Necro}
 66253 | Crypt:3  | Identified the +6 hand axe "Gal Obe" {elec, Int+2}
 66356 | Crypt:3  | Noticed an ancient lich
 66364 | Crypt:3  | Killed an ancient lich
 66700 | Crypt:3  | Identified the ring of Xecaprip {Fly Will- Int+2 Dex+6
                  | SInv}
 66963 | Crypt:3  | Found a staircase to the Tomb.
 67327 | Depths:3 | Voluntarily entered the Abyss.
 67346 | Abyss:3  | Found a corrupted altar of Lugonu.
 67356 | Abyss:3  | Found a corrupted altar of Lugonu.
 67996 | Abyss:3  | Reached skill level 15 in Dodging
 68972 | Depths:3 | Escaped the Abyss
 69156 | Depths:3 | Voluntarily entered the Abyss.
 69170 | Abyss:4  | Noticed a dread lich
 69178 | Abyss:4  | Killed a dread lich
 69306 | Abyss:4  | Found a corrupted altar of Lugonu.
 69332 | Abyss:4  | Got an abyssal rune of Zot
 69344 | Depths:3 | Escaped the Abyss
 69679 | Hell     | Entered the Vestibule of Hell
 69679 | Hell     | Noticed Geryon
 69689 | Hell     | Reached skill level 1 in Maces & Flails
 69689 | Hell     | Killed Geryon
 69844 | Hell     | Reached skill level 5 in Maces & Flails
 69891 | Hell     | Found a gateway to the ashen valley of Gehenna.
 70088 | Hell     | Reached skill level 10 in Maces & Flails
 70248 | Hell     | Found a gateway to the decaying netherworld of Tartarus.
 70309 | Hell     | Found a gateway to the freezing wastes of Cocytus.
 70453 | Hell     | Found a gateway to the Iron City of Dis.
 70704 | Depths:3 | Voluntarily entered the Abyss.
 70704 | Abyss:4  | Found a shimmering altar of Xom.
 70704 | Abyss:4  | Found a corrupted altar of Lugonu.
 70718 | Abyss:4  | Found a corrupted altar of Lugonu.
 70722 | Abyss:4  | Found an opulent altar of Gozag.
 70811 | Abyss:4  | Found a corrupted altar of Lugonu.
 71462 | Abyss:4  | Reached skill level 15 in Maces & Flails
 71521 | Abyss:5  | Found a corrupted altar of Lugonu.
 71555 | Depths:3 | Escaped the Abyss
 71843 | Geh:1    | Entered Level 1 of Gehenna
 72199 | Geh:1    | You are sucked into a shaft and drop 1 floor!
 72271 | Geh:2    | You are sucked into a shaft and drop 1 floor!
 72351 | Geh:3    | You are sucked into a shaft and drop 2 floors!
 72721 | Geh:5    | You are sucked into a shaft and drop 1 floor!
 73096 | Geh:7    | Entered Level 7 of Gehenna
 73720 | Geh:7    | Identified the ring of Beusavawnul {*Slow rPois rC+ MP+9
                  | Slay+5}
 73724 | Geh:7    | Identified the +0 ring mail "Ahoshraf" {rN+ rCorr}
 74635 | Geh:7    | Identified the +6 leather armour of Spring Thaw {-Tele rF+
                  | Will+ Str+5}
 74754 | Geh:7    | Identified the +12 spear "Keraq" {flame, Str+4}
 74755 | Geh:7    | Identified the +2 rapier "Qallu" {heavy, rElec}
 74810 | Geh:7    | Identified the +6 plate armour of the Evening {Will+ Str+4}
 75079 | Geh:7    | Found the +13 sceptre of Asmodeus
 75079 | Geh:7    | Noticed Asmodeus
 75098 | Geh:7    | Killed Asmodeus
 75252 | Geh:7    | Got an obsidian rune of Zot
 75431 | Tar:1    | Entered Level 1 of Tartarus
 75436 | Tar:1    | You are sucked into a shaft and drop 1 floor!
 75439 | Tar:2    | You are sucked into a shaft and drop 1 floor!
 75442 | Tar:3    | You are sucked into a shaft and drop 3 floors!
 75786 | Tar:7    | Entered Level 7 of Tartarus
 77500 | Tar:7    | Noticed Ereshkigal
 77513 | Tar:7    | Killed Ereshkigal
 77674 | Tar:7    | Got a bone rune of Zot
 77951 | Tar:7    | Noticed a dread lich
 77951 | Tar:7    | Noticed an ancient lich
 77952 | Tar:7    | Noticed an ancient lich
 77959 | Tar:7    | Killed a dread lich
 77963 | Tar:7    | Killed an ancient lich
 77969 | Tar:7    | Killed an ancient lich
 77970 | Tar:7    | Reached skill level 27 in Fighting
 78080 | Tar:7    | Identified the staff of Kocutzil {rC+ Dex+2 Ice}
 78461 | Tar:7    | Got the Encyclopedia of Ill Luck
 78465 | Tar:7    | Identified the +0 leather armour of Vampiric Thralls {Int+3
                  | Dex+3}
 78588 | Tar:7    | Identified the +6 chain mail of the Ego {Fly}
 78792 | Coc:1    | Entered Level 1 of Cocytus
 78796 | Coc:1    | You are sucked into a shaft and drop 1 floor!
 78802 | Coc:2    | You are sucked into a shaft and drop 2 floors!
 79309 | Coc:4    | You are sucked into a shaft and drop 1 floor!
 79406 | Coc:5    | Noticed a shard shrike
 79407 | Coc:5    | Noticed a shard shrike
 79407 | Coc:5    | Noticed a shard shrike
 80380 | Coc:7    | Entered Level 7 of Cocytus
 80382 | Coc:7    | Noticed a shard shrike
 80385 | Coc:7    | Noticed a shard shrike
 80386 | Coc:7    | Killed a shard shrike
 80393 | Coc:7    | Killed a shard shrike
 80410 | Coc:7    | Noticed a shard shrike
 80412 | Coc:7    | Noticed a shard shrike
 80424 | Coc:7    | Killed from afar by a shard shrike

Illustrated notes

Levels and vault maps discovered:
D:1:      erik_arrival_triangle_huge, layout_loops_ring, serial_shops, shop
D:2:      layout_basic, serial_shops, nicolae_shop_advertising_works
          [nicolae_subvault_shop_adworks]
D:3:      lemuel_castle_with_subvaults [lemuel_castle_interior_carwin_2],
          layout_basic, overflow_temple_1_default, old_standard_altar,
          hellmonk_ecumenical_altar_lost_god, hex_intersection
D:4:      layout_layer_cave, grunt_temple_overflow_growth_and_decay,
          amcnicky_mini_corridor_feature, uniq_edmund, uniq_sigmund
D:5:      layout_layer_cave
D:6:      layout_basic, elyvilon_altar_5, minmay_temple_entry_gardened_gates,
          serial_shops, nicolae_diamond_shop, nicolae_benzene_ring
D:7:      layout_cave_pools, st_stairs_5, minmay_fractal_squares_gapless_5
D:8:      layout_loops_ring, kennysheep_mini,
          mainiacjoe_overflow_concentric_impassable, serial_shops,
          nicolae_shop_tiny_glass, nicolae_shop_crystal, kennysheep_little_box,
          nicolae_shop_statue_plus, shop, chequers_avenue
D:9:      minmay_chambers_of_sixes, layout_cave_pools, centaur_isle, uniq_pikel
D:10:     layout_long_grid, dpeg_lair_monsters, hiddenorc1_lemuel,
          enter_bailey_4, nicolae_trove_entry_columns, minmay_nine_imps
D:11:     layout_basic, nicolae_figureground_pulse
D:12:     layout_loops_corners
D:13:     layout_loops_ring, erik_vaults_2, uniq_kirke, uniq_josephine
D:14:     layout_gridville, ebering_ghost_reflecting_pool
D:15:     gammafunk_depths_entry_grave, layout_cross, gammafunk_ghost_ooze,
          nicolae_ru_the_path_less_chosen
Temple:   regret_index_temple_generic_petals
Lair:1:   layout_regular_city, kennysheep_snail_temple
Lair:2:   layout_misc_corridors, basic_altar
Lair:3:   layout_gridlike, mainiacjoe_shoals_entry_four_pools,
          nicolae_spider_entry_orb_guardian, beast_lair_carwin_6
Lair:4:   layout_regular_city, minmay_slime_entry_jelly_boxes,
          gammafunk_ghost_arena, grunt_megastairs_2
Lair:5:   hangedman_lair_caniforms_friends, layout_gridlike,
          gammafunk_ghost_necromancy, lookout_lair_type, grunt_megastairs_5,
          uniq_nessos
Shoals:1: layout_shoals
Shoals:2: layout_shoals, serial_shops, nicolae_shop_tiny_real_fake_doors,
          st_cyclops, uniq_roxanne, uniq_polyphemus, uniq_ilsuiw
Shoals:3: layout_shoals, gammafunk_ghost_berserking_beasts, yaktaur_hedge
Shoals:4: shoals_end_hangedman, layout_shoals, nicolae_shop_overcharged_wands
Spider:1: layout_chambers, hive_lemuel, hangedman_spider_tarantella_strand,
          uniq_azrael
Spider:2: layout_spider_delve
Spider:3: gammafunk_boulding_lane, uniq_nikola
Spider:4: grunt_spider_rune_circles, special_room [special_room_bee]
Slime:1:  nicolae_slime_jelly_donut, layout_caves
Slime:2:  layout_caves
Slime:3:  layout_caves
Slime:4:  layout_caves
Slime:5:  slime_pit_nicolae_inversion
Orc:1:    layout_caves, basic_altar, serial_shops, shop,
          nicolae_shop_hallway_stairs, nicolae_shop_behind_doors, uniq_snorg
Orc:2:    pf_orc_diabolical, layout_caves
Elf:1:    elf_arrival_001, layout_rooms, serial_shops,
          nicolae_shop_rolling_square, kennysheep_underground_church,
          dreamdust_deal_with_the_devil
Elf:2:    elven_hall_of_blades_hangedman_alternative [nicolae_blade_tridents],
          layout_geoelf_diagonals, serial_shops, shop, basic_altar
Elf:3:    minmay_elf_hall_dome, layout_geoelf_castle, serial_shops, shop,
          nicolae_lakefront_shop, shop
Vaults:1: v_misc_24, nicolae_vaults_two_Ls, v_misc_18, nicolae_vaults_diamond_1,
          nicolae_vaults_little_squares_2, v_rooms_5, vaults_room_door_ring,
          ontoclasm_vaults_pinch, v_misc_10, nicolae_vaults_tetromino_Z_1,
          nicolae_vaults_storage_closets_2, ontoclasm_vaults_hangar,
          vaults_mumra_hex, ontoclasm_vaults_fault, nicolae_vaults_trapezoid_1,
          nicolae_vaults_trapezoid_4, layout_vaults_ring
Vaults:2: nicolae_vaults_network_square, nicolae_vaults_doubleplus_tesselated,
          nicolae_vaults_little_squares_3, v_misc_9, vaults_room_boxed,
          v_misc_22, nicolae_vaults_trapezoid_lopsided_3,
          nicolae_vaults_tetromino_T_1, nicolae_vaults_network_barrier,
          vaults_room_large_hall, nicolae_vaults_wine_cellar,
          layout_vaults_big_cross, serial_shops, nicolae_book_shop_shelving,
          shop, nicolae_shop_waterfront, uniq_boris, uniq_margery,
          uniq_saint_roka
Vaults:3: ontoclasm_vaults_idyll, v_rooms_6, minmay_crypt_entry_simple_statues,
          hangedman_vaults_stream, nicolae_vaults_apartment_2,
          hangedman_vaults_capsules, nicolae_vaults_shipping_containers_4,
          v_misc_29, v_misc_23, v_misc_26, vaults_room_stairs_pillars,
          grunt_vaults_bifocal, v_misc_23, vaults_dpeg_encased_lava,
          layout_vaults_omnibox, uniq_donald
Vaults:4: vaults_room_hallway, vaults_room_stairs_pillars, grunt_vaults_funnel,
          nicolae_vaults_branching_niches, nicolae_vaults_network_quinsquares
          [nicolae_vaults_network_quincunx_subvault,
          nicolae_vaults_network_quincunx_subvault,
          nicolae_vaults_network_quincunx_subvault,
          nicolae_vaults_network_quincunx_subvault], vaults_room_stairs_pillars,
          hangedman_vaults_restitches, dpeg_vaults_monster_box, v_misc_4,
          v_rooms_6, layout_vaults_maze, serial_shops, shop, uniq_zenata
Vaults:5: uniq_xtahua
Crypt:1:  layout_regular_city, nicolae_crypt_deepening_niches
Crypt:2:  layout_misc_corridors, nzn_ghost_randoct
Crypt:3:  church_of_pain_bobbens, layout_chaotic_city,
          nicolae_tomb_entry_grand_gallery, uniq_vv
Depths:1: layout_honeycomb, pf_hell_entry_tar_river, pan_entry,
          nicolae_concentric_dashed_squares_wild, nicolae_uskayaw_suspiria,
          minmay_shop_star
Depths:2: hangedman_crystal_crosses_colossus [crystal_crosses_arms_four,
          crystal_crosses_arms_four, crystal_crosses_arms_two], pan_entry,
          hell_entry
Depths:3: minmay_the_grid_octo_triangle [minmay_the_grid_octo_focus,
          minmay_the_grid_octo_prize_square_snowflake,
          minmay_the_grid_octo_fat_diamond], layout_cave_pools,
          grunt_hell_entry_dis_mu, nicolae_abyss_entry_one_way_or_another,
          minmay_shop_grove, minmay_staircase_bubble, uniq_enchantress
Depths:4: evilmike_zot_entry_round, layout_gridlike, gammafunk_ghost_split,
          nrook_uturn, infiniplex_enter_wizlab_glasses, hell_entry,
          hangedman_aviary, serial_bayou_shore_b, uniq_josephina, uniq_grunn
Hell
Geh:1:    layout_gehenna_pools_basic, hangedman_elemental_corridor
Geh:2:    layout_gehenna_pools_triple
Geh:3:    nicolae_geh_i_lava_good_maze [nicolae_geh_lavamaze_diaghalf_cornered,
          nicolae_geh_lavamaze_diaghalf_recurse]
Geh:5:    layout_gehenna_pools_box
Geh:6:    nicolae_hells_demon_pit, layout_gehenna_pools_basic,
          nicolae_geh_fourpack
Geh:7:    geh_grunt
Coc:1:    layout_ice_bergs
Coc:2:    layout_cocytus_water_paths
Coc:4:    layout_cocytus_water_paths
Coc:5:    layout_ice_bergs
Coc:6:    layout_ice_bergs, nicolae_coc_melting_block
Coc:7:    coc_grunt_cove [coc_grunt_cove_antaeus, coc_grunt_cove_fiend,
          coc_grunt_cove_fiend, coc_grunt_cove_fiend, coc_grunt_cove_fiend]
Tar:1:    layout_honeycomb
Tar:2:    layout_cathedral_of_symmetry
Tar:3:    layout_cathedral_of_symmetry
Tar:6:    layout_catacombs
Tar:7:    tar_old
Zot:1:    gammafunk_sealed_library, layout_misc_corridors, skrybe_zot_glass_1
Zot:2:    layout_gridlike, hangedman_zot_decor_slant, grunt_ministairs_8
Zot:3:    layout_gridlike

Skill      XL: |  1  2  3  4  5  6  7  8  9 10 11 12 13 14 15 16 17 18 19 20 21 22 23 24 25 26 27 |
---------------+----------------------------------------------------------------------------------+-----
Staves         | 3 4 5 6 8 10 11 13 14 15 | 15.8
Fighting       | 4 5 6 7 8 9 10 11 13 14 15 16 17 18 19 20 21 22 27 | 27.0
Armour         | 4 5 6 7 8 9 10 11 13 14 15 16 17 18 20 21 22 23 24 26 | 26.7
Shields        | 5 6 7 8 10 11 12 13 15 16 18 19 20 21 22 23 24 25 27 | 27.0
Evocations     | 4 7 10 18 | 18.1
Polearms       | 5 9 11 13 15 17 18 20 21 22 | 22.6
Dodging        | 2 9 18 | 18.9
Maces & Flails | 18 | 18.9

Action                     |  1- 3 |  4- 6 |  7- 9 | 10-12 | 13-15 | 16-18 | 19-21 | 22-24 | 25-27 || total
---------------------------+-------+-------+-------+-------+-------+-------+-------+-------+-------++-------
  Melee: Quarterstaff      |    78 |    93 |   476 |   736 |   663 |       |       |       |       ||  2046
         Lajatang          |       |       |       |       |   417 |   684 |  1030 |   980 |  1777 ||  4888
         Bardiche          |       |       |       |       |       |       |       |       |  2544 ||  2544
         Great mace        |       |       |       |       |       |       |       |       |  1052 ||  1052
 Invoke: Serpent's Lash    |       |       |       |       |     5 |     4 |     5 |     3 |    35 ||    52
         Heavenly Storm    |       |       |       |       |       |       |       |       |     4 ||     4
Ability: Shaft Self        |       |     1 |     3 |     2 |     2 |       |     2 |       |    11 ||    21
         Lunge             |       |       |     8 |    33 |    65 |   102 |   120 |   101 |   460 ||   889
         Whirlwind         |       |       |       |    97 |   144 |    89 |   148 |   155 |  1441 ||  2074
         Dig               |       |       |       |     1 |     2 |       |     4 |     1 |    20 ||    28
         Wall Jump         |       |       |       |       |     1 |       |       |       |     1 ||     2
  Evoke: Wand              |       |       |       |       |       |       |       |       |     6 ||     6
    Use: Potion            |       |       |     1 |     2 |       |     2 |     2 |       |    13 ||    20
         Scroll            |       |       |       |    17 |     3 |     8 |     7 |     4 |    20 ||    59
   Stab: Distracted        |       |       |       |       |     7 |     9 |    17 |    23 |    23 ||    79
 Armour: Scale mail        |    47 |    63 |   321 |    19 |       |       |       |       |       ||   450
         Plate armour      |       |       |       |   323 |   246 |   191 |   319 |   280 |  1055 ||  2414
         Gold dragon scale |       |       |       |       |       |       |       |       |   222 ||   222
  Dodge: Dodged            |    28 |    30 |   185 |    96 |    73 |    36 |    65 |    59 |   723 ||  1295
  Block: Buckler           |    26 |    25 |   209 |   367 |    54 |       |       |       |       ||   681
         Reflection        |       |       |       |    48 |    12 |    78 |    71 |    70 |   124 ||   403
         Kite shield       |       |       |       |       |   291 |       |       |       |       ||   291
         Tower shield      |       |       |       |       |   342 |   600 |  1042 |   778 |  4794 ||  7556

Table legend: (Time is in decaauts)
 A = Elapsed time spent in this place.
 B = Non-inter-level travel time spent in this place.
 C = Inter-level travel time spent in this place.
 D = Time resting spent in this place.
 E = Time spent auto-exploring this place.
 F = Levels seen in this place.
 G = Mean time per level.
                   A        B        C        D        E       F      G
               +--------+--------+--------+--------+--------+-----+--------+
         Total |  78912 |  74603 |   4309 |  23067 |  33250 |  80 |  986.4 |
       Dungeon |  19264 |  17776 |   1488 |   4936 |   9354 |  15 | 1284.3 |
        Temple |     55 |     29 |     26 |      0 |      0 |   1 |   55.0 |
          Lair |   6664 |   5995 |    669 |   1062 |   3385 |   5 | 1332.8 |
        Shoals |   5197 |   5045 |    152 |   1558 |   2585 |   4 | 1299.2 |
   Spider Nest |   4423 |   4287 |    136 |   1340 |   1989 |   4 | 1105.8 |
    Slime Pits |   1690 |   1613 |     77 |    130 |    884 |   5 |  338.0 |
  Orcish Mines |   1574 |   1464 |    110 |    248 |    844 |   2 |  787.0 |
   Elven Halls |   4225 |   4051 |    174 |   1275 |   1903 |   3 | 1408.3 |
        Vaults |   8187 |   7657 |    530 |   1736 |   4179 |   5 | 1637.4 |
         Crypt |   3773 |   3703 |     70 |    865 |   1750 |   3 | 1257.7 |
        Depths |   7972 |   7322 |    650 |   3183 |   2756 |   4 | 1993.0 |
          Hell |   1025 |   1019 |      6 |    309 |    330 |   1 | 1025.0 |
       Gehenna |   3451 |   3376 |     75 |   2055 |    375 |   6 |  575.2 |
       Cocytus |   1583 |   1583 |      0 |    966 |    239 |   6 |  263.8 |
      Tartarus |   3222 |   3222 |      0 |   1805 |    576 |   5 |  644.4 |
           Zot |   2429 |   2287 |    142 |    495 |   1390 |   3 |  809.7 |
         Abyss |   2981 |   2981 |      0 |    691 |    474 |   6 |  496.8 |
         Trove |     76 |     76 |      0 |      0 |      0 |   1 |   76.0 |
        Wizlab |   1115 |   1115 |      0 |    413 |    236 |   1 | 1115.0 |
               +--------+--------+--------+--------+--------+-----+--------+

Top non-repeatable levels by time:
   Tar:7: 2881 daAuts
Vaults:3: 2307 daAuts
   Geh:7: 2219 daAuts
Depths:4: 2163 daAuts
Depths:3: 2115 daAuts
    D:10: 2023 daAuts
 Abyss:3: 1996 daAuts
Vaults:2: 1903 daAuts
Depths:2: 1882 daAuts
  Lair:1: 1847 daAuts
 Crypt:3: 1834 daAuts
Depths:1: 1810 daAuts
Shoals:4: 1751 daAuts
   Elf:3: 1726 daAuts
   Elf:2: 1595 daAuts
